 Dungeon Crawl Stone Soup version 0.18.1-48-g4cf74bf (webtiles) character file.

485 Joat the Grappler (level 6, -4/78 HPs)
             Began as a Minotaur Monk on Aug 17, 2016.
             Slain by Goblin1989's ghost (8 damage)
             ... on level 4 of the Dungeon.
             The game lasted 00:08:12 (2494 turns).

Joat the Grappler (Minotaur Monk)                   Turns: 2494, Time: 00:08:14

Health: -4/78      AC: 23    Str: 17    XL:     6   Next: 88%
Magic:  5/5        EV:  2    Int:  7    God:
Gold:   204        SH:  0    Dex: 23    Spells: 0 memorised, 5 levels left

rFire  . . .     SeeInvis +       - Unarmed
rCold  . . .     Gourm    .     (armour currently unavailable)
rNeg   + + +     Faith    .     (no shield)
rPois  +         Spirit   .     (helmet currently unavailable)
rElec  .         Dismiss  .     (cloak currently unavailable)
rCorr  .         Reflect  .     (gloves currently unavailable)
SustAt .         Harm     .     (boots currently unavailable)
MR     .....     Clarity  +     (no amulet)
Stlth  +......... NoTele   +    r - +5 ring of dexterity (curse)
                                j - ring of teleportation (curse)

@: confused, agile, tree-form, glowing, not resistant to hostile enchantments,
very unstealthy
A: (retaliatory headbutt), (horns 0), see invisible, clarity, sense surroundings
1
a: no special abilities


You were on level 4 of the Dungeon.
You were not hungry.
You were a tree.
You visited 1 branch of the dungeon, and saw 4 of its levels.

You collected 204 gold pieces.

Inventory:

Armour
 a - a +0 robe
 s - a +0 cloak (melded)
 t - a +0 robe of positive energy
 y - a +0 chain mail
 B - a +2 leather armour of fire resistance (melded)
Jewellery
 j - a cursed ring of teleportation (left branch)
 r - a cursed +5 ring of dexterity (right branch)
Wands
 z - a wand of slowing (19/48)
Scrolls
 d - a scroll of noise {unknown}
 e - 3 scrolls of remove curse {unknown}
 f - 2 scrolls of enchant weapon {unknown}
 g - 3 scrolls of magic mapping {unknown}
 i - 3 scrolls of identify {unknown}
 k - a scroll of blinking {unknown}
 m - a scroll of recharging {unknown}
 o - 4 scrolls of teleportation {unknown}
Potions
 n - 2 potions of lignification
 p - a potion of ambrosia
 u - a potion of heal wounds {unknown}
 v - a potion of degeneration {unknown}
 x - a potion of berserk rage {unknown}
Comestibles
 b - 3 bread rations
 c - 4 fruits
 w - 15 chunks of flesh
 A - a beef jerky


   Skills:
 + Level 3.7 Fighting
 + Level 0.5 Armour
 - Level 3.2 Dodging
 - Level 1.5 Stealth
 + Level 9.1 Unarmed Combat


You had 5 spell levels left.
You didn't know any spells.

Dungeon Overview and Level Annotations

Branches:
Dungeon (4/15)
 Temple: D:4-7

Altars:
Cheibriados
Dithmenos
Okawaru

Annotations:
D:4 Goblin1989's ghost, novice SpEn


Innate Abilities, Weirdness & Mutations

((You reflexively headbutt those who attack you in melee.))
((You have a pair of horns on your head.))
You have supernaturally acute eyesight.
You possess an exceptional clarity of mind.
You passively map a small area around you.


Message History

Goblin1989's ghost wails, "You must not succeed where I failed!"
Goblin1989's ghost hits you but does no damage.
You are electrocuted!
* * * LOW HITPOINT WARNING * * *
The worm bites you but does no damage.
Drink which item? (? for menu, Esc to quit)
It was a potion of ambrosia.
You are confused.
You feel invigorated.
Goblin1989's ghost hits you but does no damage.
You are electrocuted!
* * * LOW HITPOINT WARNING * * *
Drink which item? (? for menu, Esc to quit)
It was a potion of mutation.
You feel extremely strange.
Your thoughts seem clearer.
Your vision sharpens.
You feel a strange attunement to the structure of the dungeons.
Goblin1989's ghost hits you.
* * * LOW HITPOINT WARNING * * *
You are electrocuted!
You die...

* * , *,* ,
, #########
#†.!....# ,
####.#######
#♣WZ.......#
,
#w##.#######
#.##.# *
..##.. ,
**######## *
..####
...... #.
......


You could see a worm, Goblin1989's ghost and a giant frog skeleton.

Vanquished Creatures
  Duvessa (D:4)
  Dowan (D:4)
  A hound (D:4)
  An iguana (D:4)
  A worker ant (D:4)
  Ijyb (D:3)
  4 gnolls (D:4)
  8 adders
  An ooze (D:2)
  2 worms
  3 dart slugs
  5 giant geckos (D:3)
  6 orcs
  3 bats
  4 giant cockroaches
  9 goblins
  5 hobgoblins
  15 jackals
  11 kobolds
  3 quokkas (D:3)
  3 giant newts
  A jackal skeleton (D:4)
  3 rats
92 creatures vanquished.

Notes
Turn   | Place    | Note
--------------------------------------------------------------
     0 | D:1      | Joat the Minotaur Monk began the quest for the Orb.
     0 | D:1      | Reached XP level 1. HP: 19/19 MP: 0/0
   200 | D:1      | Reached XP level 2. HP: 24/26 MP: 1/1
   206 | D:1      | Reached skill level 5 in Unarmed Combat
   832 | D:1      | Reached XP level 3. HP: 30/31 MP: 2/2
  1141 | D:2      | Reached skill level 6 in Unarmed Combat
  1279 | D:2      | Reached XP level 4. HP: 39/39 MP: 3/3
  1374 | D:3      | Noticed Ijyb
  1386 | D:3      | Killed Ijyb
  1553 | D:3      | Reached skill level 7 in Unarmed Combat
  1553 | D:3      | Reached XP level 5. HP: 40/45 MP: 4/4
  1627 | D:3      | Found an iron altar of Okawaru.
  1740 | D:3      | Found a shadowy altar of Dithmenos.
  2297 | D:4      | Reached skill level 8 in Unarmed Combat
  2298 | D:4      | Reached XP level 6. HP: 50/51 MP: 5/5
  2368 | D:4      | Found a snail-covered altar of Cheibriados.
  2407 | D:4      | Noticed Duvessa
  2407 | D:4      | Noticed Dowan
  2422 | D:4      | Killed Duvessa
  2426 | D:4      | Killed Dowan
  2426 | D:4      | Reached skill level 9 in Unarmed Combat
  2479 | D:4      | Noticed Goblin1989's ghost (novice SpEn)
  2493 | D:4      | HP: 1/78 [Goblin1989's ghost (13)]
  2494 | D:4      | Gained mutation: You possess an exceptional clarity of mind. [potion of mutation]
  2494 | D:4      | Gained mutation: You have supernaturally acute eyesight. [potion of mutation]
  2494 | D:4      | Gained mutation: You passively map a small area around you. [potion of mutation]
  2494 | D:4      | Slain by Goblin1989's ghost

Skill      XL: |  1  2  3  4  5  6 |
---------------+-------------------+-----
Unarmed Combat | 5 6 7 8 9 |  9.1
Fighting       | |  3.7
Armour         | |  0.5
Dodging        | |  3.2
Stealth        | |  1.5

Action                   |  1- 3 |  4- 6 || total
-------------------------+-------+-------++-------
Melee: Unarmed           |    90 |   103 ||   193
       Headbutt          |    17 |    23 ||    40
       Punch             |       |     5 ||     5
  Use: Potion            |       |     5 ||     5
 Stab: Sleeping          |     3 |     6 ||     9
       Distracted        |     1 |     1 ||     2
  Eat: Chunk             |     1 |     4 ||     5
Armor: Robe              |    11 |     7 ||    18
       Chain mail        |       |    16 ||    16
       Leather armour    |       |     3 ||     3
       Skin              |       |     3 ||     3
Dodge: Dodged            |    59 |    76 ||   135
